 Dungeon Crawl Stone Soup version 0.31-a0-819-gf6de2f5ab6 (webtiles) character file.

Game seed: 4179117568017591869

115 Kurtz the Chopper (level 5, 36/36 HPs)
             Began as an Octopode Fighter on Sept 23, 2023.
             Was a Follower of Vehumet.
             Quit the game on level 2 of the Dungeon.
             The game lasted 00:01:02 (1139 turns).

Kurtz the Chopper (Octopode Fighter)                Turns: 1139, Time: 00:01:03

Health: 36/36      AC:  1    Str: 16    XL:     5   Next: 0%
Magic:  5/5        EV: 13    Int: 10    God:    Vehumet [*.....]
Gold:   93         SH:  4    Dex: 13    Spells: 4/4 levels left

rFire   . . .        a - +0 war axe
rCold   . . .        b - +0 buckler
rNeg    . . .        (helmet restricted)
rPois   .            (no amulet)
rElec   .            (no ring)
rCorr   .            (no ring)
SInv    .            (no ring)
Will    .....        (no ring)
Stlth   ++           (no ring)
HPRegen 0.26/turn    (no ring)
MPRegen 0.09/turn    (no ring)
                     (no ring)

%: no passive effects
@: no status effects
A: almost no armour, amphibious, 8 rings, camouflage 1, gelatinous body 1,
(nimble swimmer 1), tentacles
a: Renounce Religion


You were on level 2 of the Dungeon.
You worshipped Vehumet.
Vehumet was aware of your devotion.
You visited 1 branch of the dungeon, and saw 2 of its levels.

You collected 93 gold pieces.

Inventory:

Hand Weapons
 a - a +0 war axe (weapon)
Missiles
 j - 4 atropa-tipped darts
 k - 2 boomerangs
Armour
 b - a +0 buckler (worn)
Jewellery
 d - a ring of fire
Scrolls
 e - 3 scrolls of identify {unknown}
 g - a scroll of poison {unknown}
 i - a scroll of fog {unknown}
Potions
 c - a potion of might
 f - a potion of enlightenment {unknown}
 h - 3 potions of haste {unknown}


   Skills:
 - Level 3.0 Fighting
 * Level 5.0 Axes
 - Level 3.0 Dodging
 - Level 3.0 Shields


You had 4 spell levels left.
You didn't know any spells.
Your spell library contained the following spells:

 Spells                   Type           Power      Damage    Failure   Level
 Foxfire                  Conj/Fire      0%         2x1d4     43%         1
 Apportation              Tloc           0%         N/A       43%         1
 Necrotise                Necr           0%         1d4       43%         1
 Summon Small Mammal      Summ           0%         N/A       43%         1


Dungeon Overview and Level Annotations

Branches:
Dungeon (2/15)

Altars:
Vehumet

Shops:
D:1 *


Innate Abilities, Weirdness & Mutations

You cannot wear most types of armour.
You are amphibious.
You can wear up to eight rings at the same time.
Your skin changes colour to match your surroundings (Stealth+).
Your rubbery body absorbs attacks. (AC +1, EV +1)
((You are camouflaged when in or above water. (Stealth+)))
You have tentacles for arms and can constrict up to eight enemies at once.


Message History

You kill Natasha!
Natasha screams in fury as she dies!
No target in view!
There is an open door, spattered with blood here.
You see here the felid corpse of Natasha.
What level of the Dungeon? (default 2, ? - help)
Okay, then.
Search for what [Enter for "alt", or ? for help]?
Natasha, Servant of Life and Death comes into view.
You can't go down here!
Natasha wildly gestures.
Natasha glows brightly for a moment.
Natasha casts a spell at you.
You feel yourself slow down.
Natasha howls an incantation.
You feel troubled.
You closely miss Natasha. You grab Natasha.
You constrict Natasha, but do no damage.
Natasha barely misses you. Natasha casts a spell at you.
You resist with some effort.
You slash Natasha!
Natasha is severely wounded.
You constrict Natasha.
You kill Natasha!
You feel Natasha's spirit has finally been put to rest.
Your Axes skill increases to level 5!
You have reached level 5!
You feel stronger.
Search for what [Enter for "alt", or ? for help]?
You feel yourself speed up.
There is an open door here.
There is a faded altar of an unknown god here.
You see here a stone.
This altar belongs to (a) Vehumet, (b) Jiyva or (c) Gozag, but you can't tell which.
Press the corresponding letter to learn more about a god, or press enter to convert or escape to cancel.
Vehumet accepts your prayer! Vehumet welcomes you!
You can now gain magical power from killing.
Vehumet offers you knowledge of Foxfire.
Are you sure you want to abandon this character and quit the game? (Confirm with "yes".)

.................######.####.#+##
........###..........##......#+##
........#.#.#........###.........
.....####'####......<# #.........
....##.......##.....)# #.........
#####.........##########.........
#...........#.......'.........
###....#§#....###...[.#.........
#÷'....≈_≈....'@#.....#(........
###....#≈#....###.....#.........
#...........# #######.....<...
##.........## #####'#.##
##.).)...###.####### #.#.#
###.....## #.......# #.###.
#####........# #.......# #.# ..
...(.....⌠...# #.......# #.# .#
.............# #.......# #.##.#


There were no monsters in sight!

Vanquished Creatures
  Natasha (thrice) (D:2)
  2 dart slugs (D:2)
  3 orcs (D:2)
  An endoplasm (D:1)
  2 giant cockroaches
  A goblin (D:1)
  9 hobgoblins
  A kobold (D:2)
  3 quokkas (D:2)
  A ball python (D:2)
  2 bats
  3 rats (D:1)
31 creatures vanquished.

Notes
Turn   | Place    | Note
-------+----------+-------------------------------------------
     0 | D:1      | Kurtz the Octopode Fighter began the quest for the Orb.
     0 | D:1      | Reached XP level 1. HP: 16/16 MP: 1/1
   160 | D:1      | Found Jeagur's Assorted Antiques.
   192 | D:1      | Reached XP level 2. HP: 16/21 MP: 2/2
   261 | D:1      | Reached skill level 3 in Axes
   724 | D:2      | Reached XP level 3. HP: 23/26 MP: 3/3
   755 | D:2      | Noticed Natasha
   762 | D:2      | Killed Natasha
   763 | D:2      | Reached skill level 4 in Axes
   802 | D:2      | Reached XP level 4. HP: 9/31 MP: 4/4
   929 | D:2      | Found a faded altar of an unknown god.
  1100 | D:2      | Noticed Natasha
  1107 | D:2      | Killed Natasha
  1120 | D:2      | Noticed Natasha
  1125 | D:2      | Killed Natasha
  1126 | D:2      | Reached skill level 5 in Axes
  1126 | D:2      | Reached XP level 5. HP: 36/36 MP: 5/5
  1138 | D:2      | Prayed at the altar of an unknown god.
  1138 | D:2      | Became a worshipper of Vehumet
  1138 | D:2      | Reached * piety under Vehumet
  1138 | D:2      | Offered knowledge of Foxfire by Vehumet.
  1139 | D:2      | Quit the game

Illustrated notes

Levels and vault maps discovered:
D:1:      minmay_arrival_checkered_box, layout_rooms, serial_shops, shop
D:2:      minmay_evil_eye, layout_basic,
          hellmonk_ecumenical_altar_defaced_shrine, uniq_natasha

Skill      XL: |  1  2  3  4 |
---------------+-------------+-----
Axes           | 3 4 5 |  5.0
Fighting       | |  3.0
Dodging        | |  3.0
Shields        | |  3.0

Action                     |  1- 3 |  4- 6 || total
---------------------------+-------+-------++-------
  Melee: War axe           |    45 |    10 ||    55
         Constrict         |    14 |     4 ||    18
         Tentacles         |    10 |     2 ||    12
   Stab: Sleeping          |     2 |       ||     2
 Armour: Skin              |    26 |     2 ||    28
  Dodge: Dodged            |    27 |     5 ||    32
  Block: Buckler           |     5 |     3 ||     8

Table legend: (Time is in decaauts)
 A = Elapsed time spent in this place.
 B = Non-inter-level travel time spent in this place.
 C = Inter-level travel time spent in this place.
 D = Time resting spent in this place.
 E = Time spent auto-exploring this place.
 F = Levels seen in this place.
 G = Mean time per level.
                   A        B        C        D        E       F      G
               +--------+--------+--------+--------+--------+-----+--------+
         Total |   1164 |   1051 |    113 |     88 |    740 |   2 |  582.0 |
       Dungeon |   1164 |   1051 |    113 |     88 |    740 |   2 |  582.0 |
               +--------+--------+--------+--------+--------+-----+--------+

Top non-repeatable levels by time:
     D:2: 601 daAuts
     D:1: 562 daAuts
